 Dungeon Crawl Stone Soup version 0.29-a0-676-ga64570c9d2 (webtiles) character file.

Game seed: 7493455097522746973

757 YayAnonymity the Cudgeller (level 7, -2/67 HPs)
             Began as a Troll Gladiator on June 24, 2022.
             Was an Initiate of Ashenzari.
             Slain by a worm (3 damage)
             ... on level 5 of the Dungeon.
             The game lasted 00:09:41 (3609 turns).

YayAnonymity the Cudgeller (Troll Gladiator)        Turns: 3609, Time: 00:09:42

Health: -2/67      AC: 13    Str: 25    XL:     7   Next: 50%
Magic:  6/6        EV:  8    Int: 10    God:    Ashenzari [......]
Gold:   307        SH:  0    Dex: 11    Spells: 6/6 levels left

rFire   . . .      SeeInvis .   a - +0 giant spiked club
rCold   + . .      Faith    .   (shield currently unavailable)
rNeg    + . .      Spirit   .   m - +0 pearl dragon scales of the Astral Entitlement {rN+, Comp, Melee} (curse)
rPois   .          Reflect  .   c - +0 hat
rElec   .          Harm     .   (no cloak)
rCorr   .          Rampage  .   (gloves unavailable)
Will    .....                   (boots unavailable)
Stlth   ..........              (no amulet)
HPRegen 1.01/turn               g - ring of protection from cold
MPRegen 0.10/turn               j - +6 ring of intelligence

@: lethally poisoned (-2 -> -5)
A: large, unfitting armour, claws 3, regeneration 1, shaggy fur 1, tough skin 1
a: Renounce Religion, Curse Item, Shatter the Chains


You were on level 5 of the Dungeon.
You worshipped Ashenzari.
Ashenzari was noncommittal.
You visited 2 branches of the dungeon, and saw 6 of its levels.
You also visited: Sewer.

You collected 307 gold pieces.

Inventory:

Hand Weapons
 a - a +0 giant spiked club (weapon)
 b - a +3 war axe of flaming
Missiles
 d - 3 throwing nets
 w - 3 silver javelins
 A - a large rock
 C - 6 poisoned darts (quivered)
Armour
 c - a +0 hat (worn)
 m - the cursed +0 pearl dragon scales of the Astral Entitlement (worn) {rN+, Comp, Melee}
   (You found it on level 1 of the Dungeon)

   rN:        It protects you from negative energy.
   It has a curse which improves the following skills: Companions: Summonings
   and Necromancy.
   Melee Combat: Short Blades, Long Blades, Axes, Maces & Flails, Polearms,
   Staves and Unarmed Combat.
Jewellery
 e - a ring of protection from fire
 g - a ring of protection from cold (left claw)
 j - a +6 ring of intelligence (right claw)
Wands
 y - a wand of iceblast (3)
Scrolls
 k - 3 scrolls of brand weapon
 n - 2 scrolls of noise
 s - 4 scrolls of teleportation
 u - 2 scrolls of blinking
 D - a scroll of torment {unknown}
Potions
 f - 3 potions of brilliance
 h - 3 potions of might
 i - a potion of flight
 l - 2 potions of cancellation
 o - a potion of magic {unknown}
 p - a potion of mutation {unknown}
 q - 2 potions of heal wounds
 r - a potion of invisibility {unknown}
 t - a potion of ambrosia {unknown}
 v - a potion of haste {unknown}
 x - a potion of curing {unknown}
 z - a potion of berserk rage {unknown}
 B - a potion of resistance {unknown}


   Skills:
 - Level 3.0 Fighting
 * Level 5.4(5.9) Maces & Flails
 + Level 3.6 Throwing
 + Level 2.3 Armour
 + Level 3.5 Dodging


You had 6 spell levels left.
You didn't know any spells.
Your spell library contained the following spells:

 Spells                   Type           Power      Damage    Failure   Level
 Sandblast                Erth           0%         2d4       73%         1
 Sting                    Tmut/Pois      0%         1d3       73%         1
 Passwall                 Tmut/Erth      0%         N/A       86%         2
 Poisonous Vapours        Pois/Air       0%         N/A       86%         2
 Gell's Gravitas          Tloc           0%         N/A       97%         3
 Lesser Beckoning         Tloc           0%         N/A       97%         3
 Stone Arrow              Conj/Erth      0%         3d7       97%         3
 Teleport Other           Tloc           0%         N/A       97%         3
 Tukima's Dance           Hex            0%         N/A       97%         3
 Olgreb's Toxic Radiance  Pois           0%         N/A       100%        4
 Passage of Golubria      Tloc           0%         N/A       100%        4
 Yara's Violent Unravell  Hex/Tmut       0%         3d3       100%        5


Dungeon Overview and Level Annotations

Branches:
Dungeon (5/15)             Temple (1/1) D:4           Sewer (visited)

Altars:
Ashenzari
Cheibriados
Dithmenos
Elyvilon
Fedhas
Gozag
Hepliaklqana
Kikubaaqudgha
Makhleb
Nemelex Xobeh
Okawaru
Qazlal
Ru
Sif Muna
Trog
Uskayaw
Vehumet
Wu Jian
Xom
Yredelemnul
Zin
The Shining One

Annotations:
D:5 2 transporters


Innate Abilities, Weirdness & Mutations

You are too large for most types of armour.
You have claws for hands.
Your natural rate of healing is unusually fast.
You are covered in fur. (AC +1)
You have tough skin. (AC +1)


Message History

You are more poisoned.
The water moccasin poisons you! The worm closely misses you.
The water moccasin completely misses you.
You miss the water moccasin.
The water moccasin is almost dead.
You feel very sick. The water moccasin bites you.
You are more poisoned.
The water moccasin poisons you! The worm completely misses you.
The water moccasin bites you but does no damage.
You miss the water moccasin.
The water moccasin is almost dead.
You feel extremely sick.
The water moccasin bites you but does no damage.
The water moccasin bites you.
You are more poisoned.
The water moccasin poisons you! The worm bites you.
You hit the water moccasin but do no damage.
The water moccasin is almost dead.
You feel extremely sick. The water moccasin bites you.
The water moccasin closely misses you. The worm bites you.
* * * LOW HITPOINT WARNING * * *
You are too injured to fight recklessly!
You are too injured to fight recklessly!
You sock the worm!
The worm is heavily wounded.
* * * LOW HITPOINT WARNING * * *
You feel extremely sick. The water moccasin bites you.
* * * LOW HITPOINT WARNING * * *
The water moccasin barely misses you.
You closely miss the water moccasin.
The water moccasin is almost dead.
* * * LOW HITPOINT WARNING * * *
You feel very sick. The water moccasin bites you.
* * * LOW HITPOINT WARNING * * *
The worm bites you.
You die...

..........###+###.........##..#
.......##.#P./.P#.........##..#
.......##.#8.©.8#...............
...[......#######...............
....#........©.......#...........
...####..###....[#.).#.#####.#...
#### #### ##...##..#### ####..
...# ###.#.#..# ...# #..@w...#
...# ##..S...... #.## ###.......
### #...... ##.... #..# ###


You could see a water moccasin and a worm.

Vanquished Creatures
  A water moccasin (Sewer)
  An ogre (D:5)
  A scorpion (D:5)
  A necrophage (D:5)
  2 howler monkeys (D:5)
  An orc priest (D:3)
  A hound (D:5)
  Jessica (D:2)
  A gnoll shaman (D:5)
  5 adders
  8 gnolls
  3 river rats (D:4)
  A shadow imp (D:4)
  3 worms
  10 dart slugs
  4 orcs
  4 ball pythons
  12 endoplasms
  2 giant cockroaches
  10 goblins
  A hobgoblin (D:3)
  11 jackals
  3 kobolds
  3 quokkas
  A frilled lizard (D:1)
  6 rats
97 creatures vanquished.

Notes
Turn   | Place    | Note
-------+----------+-------------------------------------------
     0 | D:1      | YayAnonymity the Troll Gladiator began the quest for the
                  | Orb.
     0 | D:1      | Reached XP level 1. HP: 19/19 MP: 0/0
   125 | D:1      | Reached skill level 3 in Maces & Flails
   130 | D:1      | Reached XP level 2. HP: 28/28 MP: 1/1
   373 | D:1      | Reached XP level 3. HP: 32/35 MP: 2/2
   383 | D:1      | Found a faded altar of an unknown god.
  1067 | D:3      | Reached XP level 4. HP: 42/42 MP: 3/3
  1073 | D:3      | Noticed Jessica
  1082 | D:2      | Killed Jessica
  1211 | D:3      | Reached XP level 5. HP: 50/50 MP: 4/4
  1218 | D:3      | Reached skill level 1 in Armour
  1264 | D:3      | Reached skill level 4 in Maces & Flails
  1693 | D:4      | Found a staircase to the Ecumenical Temple.
  1700 | Temple   | Entered the Ecumenical Temple
  1777 | Temple   | Became a worshipper of Ashenzari the Shackled
  1935 | D:4      | Found a glowing drain.
  1942 | Sewer    | Entered a sewer
  1999 | Sewer    | Noticed a water moccasin
  2006 | Sewer    | Killed a water moccasin
  2007 | Sewer    | Reached XP level 6. HP: 47/59 MP: 5/5
  2846 | D:4      | Found a bloodstained altar of Trog.
  3020 | D:5      | Entered Level 5 of the Dungeon
  3277 | D:5      | Reached skill level 5 in Maces & Flails
  3277 | D:5      | Reached XP level 7. HP: 40/67 MP: 6/6
  3282 | D:5      | Identified the +1 ring mail of the Constellations {rElec}
  3414 | D:5      | Found a transporter.
  3582 | D:5      | Found a transporter.
  3609 | D:5      | HP: 1/67 [water moccasin (5)]
  3609 | D:5      | Slain by a worm

Illustrated notes

Levels and vault maps discovered:
D:1:      saegor_arrival_simple_d, layout_basic,
          hellmonk_ecumenical_altar_dog_temple
D:2:      layout_rooms, minmay_pentomino_o2
D:3:      kennysheep_slugbush, layout_rooms, uniq_jessica
D:4:      layout_layer_cave, trog_antimagical, minmay_temple_entry_wispy,
          lightli_sewer_entry_pipes
D:5:      gammafunk_steamed_eel, layout_cave_pools
Temple:   mainiacjoe_temple_archimedes_tessellation

Skill      XL: |  1  2  3  4  5  6 |
---------------+-------------------+-----
Maces & Flails | 3 4 5 |  5.4
Throwing       | 2 3 |  3.6
Fighting       | 2 3 |  3.0
Armour         | 1 2 |  2.3
Dodging        | 3 |  3.5

Action                   |  1- 3 |  4- 6 |  7- 9 || total
-------------------------+-------+-------+-------++-------
Melee: Flail             |   112 |       |       ||   112
       War axe           |     8 |   110 |     5 ||   123
       Punch             |     1 |     2 |       ||     3
       Giant spiked club |       |       |    41 ||    41
Throw: Large rock        |       |     1 |       ||     1
Invok: Curse Item        |       |     1 |       ||     1
Evoke: Wand              |       |     1 |       ||     1
  Use: Scroll            |       |    13 |     1 ||    14
 Stab: Sleeping          |     3 |       |       ||     3
Armor: Robe              |    31 |       |       ||    31
       Pearl dragon scal |    42 |    89 |    30 ||   161
Dodge: Dodged            |    64 |    52 |    29 ||   145

Table legend: (Time is in decaauts)
 A = Elapsed time spent in this place.
 B = Non-inter-level travel time spent in this place.
 C = Inter-level travel time spent in this place.
 D = Time resting spent in this place.
 E = Time spent auto-exploring this place.
 F = Levels seen in this place.
 G = Mean time per level.
                   A        B        C        D        E       F      G
               +--------+--------+--------+--------+--------+-----+--------+
         Total |   3770 |   3474 |    296 |     66 |   2319 |   7 |  538.6 |
       Dungeon |   3329 |   3110 |    219 |     66 |   2083 |   5 |  665.8 |
        Temple |    288 |    211 |     77 |      0 |    126 |   1 |  288.0 |
         Sewer |    153 |    153 |      0 |      0 |    110 |   1 |  153.0 |
               +--------+--------+--------+--------+--------+-----+--------+

Top non-repeatable levels by time:
     D:4: 1300 daAuts
     D:2: 617 daAuts
     D:1: 580 daAuts
     D:3: 448 daAuts
     D:5: 383 daAuts
  Temple: 288 daAuts
   Sewer: 153 daAuts
